 Dungeon Crawl Stone Soup version 0.30-a0-1103-g25895a7845 (webtiles) character file.

Game seed: 11190122242084607813

53 Pimp the Firebug (level 3, -1/24 HPs)
             Began as a Demonspawn Fire Elementalist on Apr 18, 2023.
             Killed from afar by Sigmund (6 damage)
             ... with a magic dart
             ... on level 3 of the Dungeon.
             The game lasted 00:03:44 (1906 turns).

Pimp the Firebug (Demonspawn Fire Elementalist)     Turns: 1906, Time: 00:03:44

Health: -1/24      AC:  3    Str:  8    XL:     3   Next: 62%
Magic:  3/6        EV: 13    Int: 18    God:
Gold:   177        SH:  0    Dex: 19    Spells: 3/6 levels left

rFire   . . .      SeeInvis .    e - +0 dagger
rCold   . . .      Faith    .    (no shield)
rNeg    . . .      Spirit   .    a - +0 robe
rPois   +          Reflect  .    (helmet restricted)
rElec   .          Rampage  .    (no cloak)
rCorr   .                        (no gloves)
Will    .....                    j - +0 pair of boots
Stlth   ++                       (no amulet)
HPRegen 0.24/turn                c - +6 ring of dexterity
MPRegen 0.10/turn                g - ring of poison resistance

@: hasted, very quick
A: antennae 1, spiny 1
a: no special abilities


You were on level 3 of the Dungeon.
You visited 1 branch of the dungeon, and saw 3 of its levels.

You collected 177 gold pieces.

Inventory:

Hand Weapons
 e - a +0 dagger (weapon)
Armour
 a - a +0 robe (worn)
 j - a +0 pair of boots (worn)
Jewellery
 c - a +6 ring of dexterity (left hand)
 g - a ring of poison resistance (right hand)
Scrolls
 h - a scroll of teleportation
 i - 3 scrolls of identify
Potions
 d - a potion of haste


   Skills:
 + Level 2.2 Dodging
 + Level 2.3 Stealth
 + Level 2.4 Spellcasting
 + Level 1.7 Conjurations
 + Level 3.0 Fire Magic


You had 3 spell levels left.
You knew the following spells:

 Your Spells              Type           Power      Damage    Failure   Level
a - Foxfire               Conj/Fire      40%        2x1d6     6%          1
b - Scorch                Fire           26%        2d6       8%          2

Your spell library contained the following spells:

 Spells                   Type           Power      Damage    Failure   Level
 Apportation              Tloc           4%         N/A       17%         1
 Inner Flame              Hex/Fire       7%         N/A       28%         3
 Volatile Blastmotes      Fire/Tloc      14%        2d11      28%         3
 Flame Wave               Conj/Fire      10%        2d6       54%         4
 Alistair's Intoxication  Tmut/Pois      1%         N/A       99%         5


Dungeon Overview and Level Annotations

Branches:
Dungeon (3/15)

Altars:

Shops:
D:1 (

Annotations:
D:3 Sigmund


Innate Abilities, Weirdness & Mutations

You have a pair of small antennae on your head.
You are partially covered in sharp spines.


Message History

You are poisoned.
Your foxfire dissipates!
You feel sick.
The foxfire hits something.
Casting: Foxfire (safe; 6% risk of failure)
Confirm with . or Enter, or press ? or * to list all spells.
You conjure some foxfire!
You feel sick.
Your foxfire dissipates!
You feel sick.
The foxfire hits something.
Casting: Foxfire (safe; 6% risk of failure)
Confirm with . or Enter, or press ? or * to list all spells.
You conjure some foxfire!
You feel sick. Something hits you.
You are more poisoned.
Your foxfire dissipates!
You hear the slow rusting of a distant drain.
You feel sick.
The foxfire hits something.
Casting: Foxfire (safe; 6% risk of failure)
Confirm with . or Enter, or press ? or * to list all spells.
You conjure some foxfire!
You feel very sick. Something hits you.
Your foxfire dissipates!
You feel sick.
The foxfire hits something.
Casting: Foxfire (safe; 6% risk of failure)
Confirm with . or Enter, or press ? or * to list all spells.
You conjure some foxfire!
You feel sick.
You feel sick.
The foxfire hits something but does no damage.
The foxfire hits something.
You hear some strange, mumbled words.
You are confused.
You're too confused to cast spells.
Sorry, you're not good enough to have a special ability.
You bump into the rock wall.
You feel sick.
Sorry, you're not good enough to have a special ability.
It was a potion of curing.
You feel better. Something hits you!
* * * LOW HITPOINT WARNING * * *
You feel yourself speed up.
A magic dart appears from out of thin air!
The magic dart hits you.
You die...

#..# #..#
#..# #..#
#..# #..#
#{.# #..#
#@.# #..#
#..# #..#
#######..#
.........#
########.#
#.# #.#


There were no monsters in sight!

Vanquished Creatures
  A dart slug (D:1)
  5 bats
  3 endoplasms
  4 giant cockroaches
  6 goblins
  3 hobgoblins
  7 jackals (D:2)
  2 quokkas
  4 ball pythons
  4 frilled lizards
  A kobold (D:1)
  4 rats
44 creatures vanquished.

Vanquished Creatures (others)
  62 foxfires
  A plant (D:2)
63 creatures vanquished.

Grand Total: 107 creatures vanquished

Notes
Turn   | Place    | Note
-------+----------+-------------------------------------------
     0 | D:1      | Pimp the Demonspawn Fire Elementalist began the quest for
                  | the Orb.
     0 | D:1      | Reached XP level 1. HP: 13/13 MP: 3/3
   269 | D:1      | Found Wiucvibb's Antique Weapon Emporium.
   340 | D:1      | Gained mutation: You are partially covered in sharp spines.
                  | [demonic ancestry]
   340 | D:1      | Reached XP level 2. HP: 19/19 MP: 0/5
   872 | D:1      | Learned a level 2 spell: Scorch
  1241 | D:2      | Gained mutation: You have a pair of small antennae on your
                  | head. [demonic ancestry]
  1241 | D:2      | Reached XP level 3. HP: 24/24 MP: 6/6
  1275 | D:2      | Found a faded altar of an unknown god.
  1330 | D:2      | Reached skill level 3 in Fire Magic
  1883 | D:3      | Noticed Sigmund
  1906 | D:3      | Killed from afar by Sigmund

Illustrated notes

Levels and vault maps discovered:
D:1:      sevenhm_arrival_forest_fort_small_6, layout_basic, serial_shops, shop,
          glass_columns_b
D:2:      layout_basic, basic_ecumenical_altar, serial_bayou_pond_c
D:3:      layout_basic, eat_drink_and_be_merry_uskayaw, cheibriados_altar_1,
          portal_sewer_entry_d, uniq_sigmund

Skill      XL: |  1  2  3 |
---------------+----------+-----
Stealth        | 2 |  2.3
Dodging        | 2 |  2.2
Fire Magic     | 3 |  3.0
Spellcasting   | |  2.4
Conjurations   | |  1.7

Action                     || total
---------------------------++-------
  Melee: Unarmed           ||    20
         Dagger            ||    16
   Cast: Foxfire           ||    41
         Scorch            ||    13
    Use: Scroll            ||     3
         Potion            ||     3
   Stab: Sleeping          ||     4
 Armour: Robe              ||    12
  Dodge: Dodged            ||    46

Table legend: (Time is in decaauts)
 A = Elapsed time spent in this place.
 B = Non-inter-level travel time spent in this place.
 C = Inter-level travel time spent in this place.
 D = Time resting spent in this place.
 E = Time spent auto-exploring this place.
 F = Levels seen in this place.
 G = Mean time per level.
                   A        B        C        D        E       F      G
               +--------+--------+--------+--------+--------+-----+--------+
         Total |   1916 |   1876 |     40 |    362 |   1087 |   3 |  638.7 |
       Dungeon |   1916 |   1876 |     40 |    362 |   1087 |   3 |  638.7 |
               +--------+--------+--------+--------+--------+-----+--------+

Top non-repeatable levels by time:
     D:1: 1161 daAuts
     D:2: 698 daAuts
     D:3: 56 daAuts
